 Dungeon Crawl Stone Soup version 0.30-a0-711-gf4ac18a38d (webtiles) character file.

Game seed: 11762820644485116863

127330 Angani the Fencer (level 16, -10/149 HPs)
             Began as a Grey Draconian Warper on Jan 18, 2023.
             Was the Champion of Zin.
             Killed from afar by a deep elf knight (33 damage)
             ... with a shard of ice
             ... on level 2 of the Elven Halls on Jan 22, 2023.
             The game lasted 01:50:37 (45642 turns).

Angani the Fencer (Grey Draconian Warper)          Turns: 45642, Time: 01:50:38

Health: -10/149    AC: 22    Str: 14    XL:     16   Next: 45%
Magic:  22/28      EV: 15    Int: 27    God:    Zin [******]
Gold:   1523       SH:  0    Dex: 11    Spells: 13/31 levels left

rFire   . . .      SeeInvis .    s - +0 great sword (elec)
rCold   + . .      Faith    +    (shield currently unavailable)
rNeg    + . .      Spirit   .    (body armour unavailable)
rPois   .          Reflect  .    (helmet restricted)
rElec   .          Harm     +    J - +1 cloak {rCorr}
rCorr   +          Rampage  .    C - +2 pair of gloves
Will    +....                    u - +2 pair of boots
Stlth   ++++                     q - amulet "Tejeshrex" {Faith Harm +Inv rN+ Regen+}
HPRegen 1.24/turn                j - +6 ring of intelligence
MPRegen 0.21/turn                T - ring of protection from cold

@: about to teleport, studying Dodging
A: AC +14, amphibious, unfitting armour, cold-blooded
a: Renounce Religion, Evoke Invisibility, Recite, Vitalisation, Imprison,
Sanctuary, Donate Gold


You were on level 2 of the Elven Halls.
You worshipped Zin.
Zin was exalted by your worship.
You visited 5 branches of the dungeon, and saw 25 of its levels.
You also visited: Gauntlet and Ice Cave.

You collected 3095 gold pieces.
You spent 437 gold pieces at shops.
You donated 1135 gold pieces to Zin.

Inventory:

Hand Weapons
 s - a +0 great sword of electrocution (weapon)
 A - a +4 scimitar of flaming
Missiles
 c - a boomerang of dispersal
 h - a throwing net
 w - 20 boomerangs
Armour
 d - a scarf of invisibility
 u - a +2 pair of boots (worn)
 C - a +2 pair of gloves (worn)
 G - a +2 kite shield of cold resistance
 J - a +1 cloak of preservation (worn)
 R - the +1 cloak of Zedweg {Rampage SInv Stlth+}
   (You found it in a Gauntlet)

   SInv:      It lets you see invisible.
   Rampage:   It bestows one free step when moving towards enemies.
   Stlth:     It makes you more stealthy.
Jewellery
 j - a +6 ring of intelligence (left hand)
 q - the amulet "Tejeshrex" (around neck) {Faith Harm +Inv rN+ Regen+}
   (You acquired it on level 5 of the Dungeon)

   [amulet of faith]

   It allows you to gain divine favour quickly.
   rN:        It protects you from negative energy.
   +Inv:      It lets you turn invisible.
   Regen:     It increases your rate of health regeneration.
   Harm:      It increases damage dealt and taken.
 r - a ring of positive energy
 t - a ring of see invisible
 T - a ring of protection from cold (right hand)
Wands
 a - a wand of flame (10)
 v - a wand of charming (25)
Scrolls
 b - 6 scrolls of blinking
 l - 6 scrolls of teleportation
 m - 5 scrolls of fear
 x - 8 scrolls of enchant weapon
 y - 5 scrolls of vulnerability
 z - 4 scrolls of fog
 B - 2 scrolls of immolation
 M - 2 scrolls of amnesia
 N - a scroll of poison
 O - a scroll of silence
 Q - 3 scrolls of enchant armour
 S - 2 scrolls of identify
Potions
 e - 4 potions of brilliance
 f - a potion of resistance
 g - 5 potions of ambrosia
 k - 7 potions of heal wounds
 o - 2 potions of magic
 p - 4 potions of attraction
 E - a potion of curing
 F - 2 potions of invisibility
 H - 4 potions of berserk rage
 I - 3 potions of flight
Miscellaneous
 i - a phantom mirror
 n - a phial of floods
 D - a lightning rod (4/4)


   Skills:
 - Level 15.6 Fighting
 + Level 16.7 Long Blades
 - Level 0.8 Throwing
 - Level 10.0 Dodging
 - Level 10.0 Stealth
 - Level 8.0 Spellcasting
 - Level 7.0 Translocations
 - Level 10.1 Invocations
 - Level 8.0 Evocations


You had 13 spell levels left.
You knew the following spells:

 Your Spells              Type           Power      Damage    Failure   Level
a - Blink                 Tloc           96%        N/A       1%          2
b - Lesser Beckoning      Tloc           96%        N/A       1%          2
c - Teleport Other        Tloc           48%        N/A       1%          3
d - Vhi's Electric Charg  Tloc/Air       58%        N/A       3%          3
e - Manifold Assault      Tloc           48%        N/A       3%          4
f - Passage of Golubria   Tloc           48%        N/A       3%          4

Your spell library contained the following spells:

 Spells                   Type           Power      Damage    Failure   Level
 Momentum Strike          Conj/Tloc      58%        3d9       1%          2
 Portal Projectile        Hex/Tloc       58%        N/A       3%          3
 Freeze                   Ice            40%        1d6       5%          1
 Cigotuvi's Dreadful Rot  Necr/Pois/Air  20%        N/A       8%          2
 Poisonous Vapours        Pois/Air       20%        N/A       8%          2
 Sublimation of Blood     Necr           10%        N/A       8%          2
 Wereblood                Tmut           10%        N/A       8%          2
 Iskenderun's Mystic Bla  Conj/Tloc      29%        2d7       12%         4
 Call Canine Familiar     Summ           10%        N/A       16%         3
 Dazzling Flash           Conj/Hex       20%        N/A       16%         3
 Frozen Ramparts          Ice            20%        1d4       16%         3
 Hailstorm                Conj/Ice       10%        3d5       16%         3
 Mephitic Cloud           Conj/Pois/Air  10%        N/A       16%         3
 Ozocubu's Armour         Ice            10%        N/A       16%         3
 Stone Arrow              Conj/Erth      20%        3d8       16%         3
 Tukima's Dance           Hex            10%        N/A       16%         3
 Summon Forest            Summ/Tloc      14%        N/A       34%         5
 Dispersal                Tloc           24%        N/A       41%         6
 Animate Dead             Necr           10%        N/A       45%         4
 Ice Form                 Ice/Tmut       10%        N/A       45%         4
 Leda's Liquefaction      Hex/Erth       5%         N/A       45%         4
 Summon Lightning Spire   Summ/Air       10%        N/A       45%         4
 Blade Hands              Tmut           5%         N/A       82%         5
 Borgnjor's Vile Clutch   Necr/Erth      5%         N/A       82%         5
 Silence                  Hex/Air        5%         N/A       82%         5
 Yara's Violent Unravell  Hex/Tmut       5%         3d4       82%         5
 Death Channel            Necr           5%         N/A       100%        6
 Simulacrum               Ice/Necr       5%         N/A       100%        6
 Starburst                Conj/Fire      5%         6d4       100%        6
 Haunt                    Necr/Summ      5%         N/A       100%        7
 Ozocubu's Refrigeration  Ice            5%         4d8       100%        7
 Summon Hydra             Summ           5%         N/A       100%        7
 Disjunction              Tloc           24%        N/A       100%        8
 Lehudib's Crystal Spear  Conj/Erth      5%         10d3      100%        8
 Polar Vortex             Ice            5%         N/A       100%        9
 Animate Armour           Summ/Erth      Unusable   N/A       N/A         4

Dungeon Overview and Level Annotations

Branches:
Dungeon (15/15)            Temple (1/1) D:5            Lair (5/5) D:9
 Shoals (0/4) Lair:2       Spider (0/4) Lair:3        Slime (0/5) Lair:5
    Orc (2/2) D:10            Elf (1/3) Orc:2        Vaults (0/5) D:13
 Depths (0/4) D:15          IceCv (visited)         Gauntlet (visited)

Altars:
Ashenzari
Cheibriados
Dithmenos
Elyvilon
Fedhas
Gozag
Hepliaklqana
Kikubaaqudgha
Makhleb
Nemelex Xobeh
Okawaru
Qazlal
Ru
Sif Muna
Trog
Uskayaw
Vehumet
Wu Jian
Xom
Yredelemnul
Zin
The Shining One
Jiyva

Shops:
D:5 [   Orc:1 *   Orc:2 ((:(

Annotations:
D:7 3 runed translucent doors, initializr's ghost, novice KoNe
D:11 3 runed translucent doors, exclusion: orange crystal statue
Lair:1 exclusion: oklob plant


Innate Abilities, Weirdness & Mutations

Your dull iron-grey scales are very hard. (AC +14)
You are amphibious.
You cannot fit into any form of body armour.
You are cold-blooded and may be slowed by cold attacks.


Message History

You feel sick.
Unknown command.
As you read the scroll of teleportation, it crumbles to dust.
You feel strangely unstable.
You feel sick.
The +0 long sword of holy wrath hits you but does no damage.
The +0 long sword of holy wrath hits you!
You feel sick.
The +0 long sword of holy wrath hits you!
You feel sick.
You are no longer poisoned.
The +0 long sword of holy wrath hits you.
The +0 long sword of holy wrath hits you but does no damage.
The +2 heavy scimitar hits you!!
* * * LOW HITPOINT WARNING * * *
Activating: Sanctuary (16% risk of failure)
Press: ? - help, Dir - look around, f - activate You hear a choir sing!
By Zin's power, all blood is cleared from the sanctuary.
The monsters scatter in all directions!
Unknown command.
Your surroundings suddenly seem different.
A deep elf pyromancer and a deep elf zephyrmancer come into view.
Unknown command.
As you read the scroll of teleportation, it crumbles to dust.
You feel strangely unstable.
The deep elf pyromancer shouts!
The deep elf zephyrmancer shouts!
The deep elf zephyrmancer hits you with a +3 long sword.
* * * LOW HITPOINT WARNING * * *
The deep elf zephyrmancer misses you.
The deep elf zephyrmancer closely misses you.
Your surroundings suddenly seem different.
A +1 long sword of electrocution, a +2 antimagic trident, 2 deep elf knights and a +1 eveningstar of freezing come into view.
Unknown command.
Okay, then.
As you read the scroll of teleportation, it crumbles to dust.
You feel strangely unstable.
The +2 antimagic trident barely misses you.
The deep elf knight points at you and mumbles some strange words.
The shard of ice hits you!! You partially resist.
You die...

#.........# ...#...(.....
#...e...#......#...e...#
#e....#........#.....#.
...#...#..........#...#..
.. .###............###. .
. .. ......e....# .. ...
(.........# ...#
.........# ..# .......@#
.# #....e.#.(.(...
.#....# ....... ..#..#
....... ...## ....... ..
....e.. . .....(. .......


You could see 4 deep elf knights and 4 dancing weapons.

Vanquished Creatures
  Rupert (Orc:2)
  Kirke (Lair:3)
  2 orc warlords (Orc:2)
  A stone giant (D:14)
  2 deep elf demonologists
  Azrael (D:12)
  A minotaur (Gauntlet)
  Snorg (D:11)
  Josephine (D:11)
  A deep elf death mage (Elf:1)
  An ettin (D:13)
  A fire dragon (Lair:5)
  7 hydras
  2 ice dragons (D:15)
  A catoblepas (Lair:5)
  Erolcha (D:11)
  A death knight (D:14)
  3 centaur warriors
  Erica (D:10)
  7 boulder beetles
  4 two-headed ogres
  A tengu warrior (D:13)
  3 dancing weapons (Elf:1)
  5 death yaks (D:9)
  5 orc high priests
  Nergalle (Lair:3)
  5 deep elf knights
  Sonja (D:11)
  A swamp dragon (Lair:5)
  An ironbound convoker (Elf:1)
  A lindwurm (shapeshifter) (D:14)
  8 deep elf archers (Elf:1)
  3 orc knights
  2 lindwurms
  12 deep elf pyromancers
  3 wolf spiders
  A phantasmal warrior (D:13)
  11 deep elf zephyrmancers
  15 ugly things
  5 orc sorcerers
  8 cyclopes
  5 manticores
  12 black mambas
  7 elephants
  A guardian serpent (Lair:5)
  An ice statue (IceCv)
  10 cane toads
  3 gargoyles
  2 unseen horrors
  3 torpor snails
  A rime drake (shapeshifter) (D:15)
  An unseen horror (shapeshifter) (D:15)
  7 komodo dragons
  A yaktaur (shapeshifter) (D:14)
  A freezing wraith (D:14)
  8 rime drakes
  An efreet (D:13)
  An anaconda simulacrum (IceCv)
  A meliai (shapeshifter) (D:13)
  7 trolls
  4 meliai
  2 tyrant leeches
  2 polar bears
  2 hornets (Lair:5)
  Prince Ribbit (D:5)
  6 blink frogs (Lair:3)
  2 saltlings (Elf:1)
  A raiju (Gauntlet)
  A snapping turtle (Lair:2)
  A centaur simulacrum (D:14)
  12 wyverns
  An air elemental (Elf:1)
  2 shadows (D:10)
  13 slime creatures
  A dire elephant simulacrum (IceCv)
  A water elemental (Elf:1)
  A vampire (D:9)
  2 basilisks
  6 wraiths
  4 fire elementals
  66 yaks
  2 fire bats (Lair:2)
  6 hogs (Lair:3)
  Eustachio (D:4)
  9 vampire mosquitoes
  2 redbacks (Lair:5)
  A death yak simulacrum (IceCv)
  2 steam dragons (Lair:5)
  5 wargs
  Menkaure (D:5)
  A harpy simulacrum (IceCv)
  6 swamp worms
  A hydra simulacrum (IceCv)
  5 acid dragons
  Duvessa (D:5)
  30 orc warriors
  18 water moccasins
  4 hell hounds (D:12)
  A swamp drake (Lair:5)
  An ice beast (D:7)
  3 black bears
  3 ogres
  A sky beast (D:7)
  A boggart (D:14)
  7 centaurs
  3 phantoms
  3 kobold brigands
  Blork the orc (D:4)
  A scorpion (D:5)
  12 bullfrogs
  A necrophage (D:5)
  2 cane toad simulacra (IceCv)
  4 two-headed ogre simulacra (IceCv)
  A gnoll sergeant (D:7)
  Dowan (D:5)
  6 elephant simulacra (IceCv)
  6 killer bees
  5 howler monkeys
  3 electric eels
  4 hounds
  2 jellies
  36 orc priests
  8 iguanas
  Ijyb (D:4)
  36 orc wizards
  5 troll simulacra (IceCv)
  5 spriggan simulacra (IceCv)
  4 polar bear simulacra (IceCv)
  2 wolf simulacra (IceCv)
  Robin (D:2)
  6 adders
  7 gnolls
  5 naga simulacra (IceCv)
  3 white imps
  6 ufetubi
  2 worms
  2 dart slugs (D:1)
  81 orcs
  7 endoplasms
  6 giant cockroaches
  19 goblins
  12 hobgoblins
  7 jackals (D:1)
  13 kobolds
  4 quokkas
  4 ball pythons
  3 bats
  7 frilled lizards
  3 rats
799 creatures vanquished.

Vanquished Creatures (collateral kills)
  A reaper (IceCv)
  A boulder beetle (Lair:2)
  A hell hound (D:12)
3 creatures vanquished.

Vanquished Creatures (others)
  2 fire bats (Lair:2)
  A water moccasin (Lair:2)
  2 bushes (Lair:5)
  27 fungi
  A pillar of salt (IceCv)
  97 plants
  14 withered plants (Gauntlet)
144 creatures vanquished.

Grand Total: 946 creatures vanquished

Notes
Turn   | Place    | Note
-------+----------+-------------------------------------------
     0 | D:1      | Angani the Draconian Warper began the quest for the Orb.
     0 | D:1      | Reached XP level 1. HP: 17/17 MP: 3/3
   216 | D:1      | Reached XP level 2. HP: 25/25 MP: 5/5
   374 | D:1      | Reached skill level 1 in Evocations
   562 | D:1      | Reached XP level 3. HP: 29/30 MP: 6/6
  1365 | D:2      | Reached skill level 3 in Long Blades
  1365 | D:2      | Reached XP level 4. HP: 38/38 MP: 7/7
  1387 | D:2      | Learned a level 2 spell: Blink
  1390 | D:2      | Learned a level 2 spell: Lesser Beckoning
  1394 | D:2      | Learned a level 3 spell: Teleport Other
  1438 | D:2      | Noticed Robin
  1455 | D:2      | Killed Robin
  2547 | D:3      | Found a faded altar of an unknown god.
  2631 | D:3      | Found a radiant altar of Vehumet.
  3143 | D:4      | Noticed a black bear
  3196 | D:4      | Killed a black bear
  3197 | D:4      | Reached skill level 4 in Long Blades
  3197 | D:4      | Reached XP level 5. HP: 39/45 MP: 8/8
  3285 | D:4      | Noticed a phantom
  3307 | D:4      | Noticed Eustachio
  3308 | D:4      | Killed a phantom
  3309 | D:4      | Reached XP level 6. HP: 30/51 MP: 9/9
  3316 | D:4      | Killed Eustachio
  3520 | D:4      | Noticed Ijyb
  3526 | D:4      | Killed Ijyb
  3831 | D:4      | Noticed Blork the orc
  3837 | D:4      | Killed Blork the orc
  3838 | D:4      | Your scales start taking on a dull iron-grey colour.
  3838 | D:4      | Reached XP level 7. HP: 38/57 MP: 11/11
  3990 | D:5      | Entered Level 5 of the Dungeon
  4094 | D:5      | Noticed Menkaure
  4098 | D:5      | Killed Menkaure
  4310 | D:5      | Reached skill level 5 in Evocations
  4344 | D:5      | Learned a level 3 spell: Vhi's Electric Charge
  4409 | D:5      | Identified a scroll of acquirement
  4409 | D:5      | Acquired the amulet "Tejeshrex" {Faith Harm +Inv rN+
                  | Regen+}
  4474 | D:5      | Noticed Dowan
  4475 | D:5      | Noticed Duvessa
  4479 | D:5      | Reached skill level 5 in Translocations
  4480 | D:5      | Reached XP level 8. HP: 54/63 MP: 10/14
  4493 | D:5      | Killed Duvessa
  4495 | D:5      | Killed Dowan
  4514 | D:5      | Learned a level 4 spell: Manifold Assault
  4551 | D:5      | Noticed Prince Ribbit
  4569 | D:5      | Killed Prince Ribbit
  4570 | D:5      | Reached skill level 5 in Spellcasting
  4981 | D:5      | Found a staircase to the Ecumenical Temple.
  4988 | Temple   | Entered the Ecumenical Temple
  5073 | D:5      | Found Nefomp's Armour Emporium.
  5138 | D:5      | Bought a +2 pair of boots for 181 gold pieces
  5948 | D:6      | Reached XP level 9. HP: 70/70 MP: 17/17
  7147 | D:7      | Reached skill level 5 in Fighting
  7366 | D:7      | Found a runed translucent gate.
  7367 | D:7      | Found a runed translucent gate.
  7368 | D:7      | Found a runed translucent gate.
  7368 | D:7      | Noticed initializr's ghost (novice KoNe)
  7591 | D:7      | Noticed a two-headed ogre
  7595 | D:7      | Killed a two-headed ogre
  8517 | D:7      | Found a shimmering altar of Xom.
  9270 | D:8      | Reached XP level 10. HP: 80/86 MP: 8/21
 10292 | D:9      | Found a glowing golden altar of the Shining One.
 10302 | D:9      | Found a glowing silver altar of Zin.
 10409 | D:9      | Became a worshipper of Zin the Law-Giver
 10409 | D:9      | Reached * piety under Zin
 10460 | D:9      | Reached ** piety under Zin
 10720 | D:9      | Reached skill level 1 in Invocations
 10765 | D:9      | Noticed a death yak
 10766 | D:9      | Noticed a death yak
 10767 | D:9      | Found a staircase to the Lair.
 10767 | D:9      | Noticed a death yak
 10767 | D:9      | Noticed a death yak
 10769 | D:9      | Noticed a death yak
 10775 | D:9      | Killed a death yak
 10775 | D:9      | Killed a death yak
 10776 | D:9      | Reached skill level 5 in Invocations
 10778 | D:9      | Killed a death yak
 10782 | D:9      | Killed a death yak
 10785 | D:9      | Killed a death yak
 10786 | D:9      | Reached XP level 11. HP: 94/94 MP: 23/23
 11103 | D:10     | Entered Level 10 of the Dungeon
 11112 | D:10     | Noticed Erica
 11140 | D:10     | Killed Erica
 11365 | D:10     | Found a staircase to the Orcish Mines.
 11374 | D:10     | Reached *** piety under Zin
 11376 | D:10     | Reached **** piety under Zin
 11515 | D:10     | Noticed a two-headed ogre
 11523 | D:10     | Killed a two-headed ogre
 11527 | D:10     | Reached skill level 10 in Invocations
 12280 | Lair:1   | Entered Level 1 of the Lair of Beasts
 12332 | Lair:1   | Reached skill level 1 in Stealth
 12509 | Lair:1   | Found a blossoming altar of Fedhas.
 12512 | Lair:1   | Noticed an oklob plant
 12822 | D:9      | Reached skill level 5 in Long Blades
 13553 | Lair:1   | Reached ***** piety under Zin
 14007 | Lair:1   | Reached skill level 6 in Long Blades
 14205 | Lair:2   | Reached XP level 12. HP: 92/101 MP: 4/24
 14462 | Lair:2   | Noticed a boulder beetle
 14480 | Lair:2   | Reached skill level 5 in Dodging
 14506 | Lair:2   | Killed a boulder beetle
 14517 | Lair:2   | Reached skill level 5 in Stealth
 14827 | Lair:2   | Found a staircase to the Shoals.
 15284 | Lair:2   | Reached skill level 7 in Long Blades
 15851 | Lair:3   | Found a hole to the Spider Nest.
 15857 | Lair:3   | Noticed a five-headed hydra
 15873 | Lair:3   | Killed a one-headed hydra
 16093 | Lair:3   | Noticed Kirke
 16259 | Lair:3   | Noticed Nergalle
 16272 | Lair:3   | Killed Nergalle
 16312 | Lair:3   | Reached skill level 8 in Long Blades
 17531 | Lair:3   | Killed Kirke
 17532 | Lair:3   | Reached XP level 13. HP: 70/107 MP: 25/25
 17643 | Lair:3   | Reached skill level 9 in Long Blades
 19031 | Lair:5   | Entered Level 5 of the Lair of Beasts
 20459 | Lair:5   | Reached skill level 10 in Long Blades
 21629 | Lair:5   | Found a viscous altar of Jiyva.
 21629 | Lair:5   | Found a staircase to the Slime Pits.
 22455 | Lair:5   | Reached skill level 10 in Stealth
 22760 | Lair:5   | Reached ****** piety under Zin
 22908 | Lair:5   | Reached skill level 11 in Long Blades
 22908 | Lair:5   | Reached XP level 14. HP: 102/115 MP: 2/26
 24337 | D:11     | Reached skill level 10 in Dodging
 24464 | D:11     | Noticed Sonja
 24467 | D:11     | Killed Sonja
 24469 | D:11     | Noticed Josephine
 24499 | D:11     | Killed Josephine
 24553 | D:11     | Found a runed translucent door.
 24649 | D:11     | Noticed Snorg
 24657 | D:11     | Killed Snorg
 24658 | D:11     | Reached skill level 12 in Long Blades
 24729 | D:11     | Found a runed translucent door.
 24820 | D:11     | Found a frozen archway.
 24830 | IceCv    | Entered an ice cave
 26366 | IceCv    | Noticed a reaper
 26710 | IceCv    | Killed a reaper
 26816 | IceCv    | Got the Secrets of Hypothermia
 26857 | D:11     | Found a runed translucent door.
 26979 | D:11     | Found a runed translucent door.
 27060 | D:11     | Noticed Erolcha
 27066 | D:11     | Killed Erolcha
 27891 | D:12     | You fall into a shaft and drop 2 floors!
 27922 | D:13     | Reached skill level 13 in Long Blades
 27940 | D:13     | Found a gate leading to a gauntlet.
 27949 | Gauntlet | Entered a Gauntlet
 27949 | Gauntlet | Found a transporter.
 27949 | Gauntlet | Found a transporter.
 27949 | Gauntlet | Found a transporter.
 28004 | Gauntlet | Found a transporter.
 28006 | Gauntlet | Found a transporter.
 28016 | Gauntlet | Found a transporter.
 28029 | Gauntlet | Found a transporter.
 28032 | Gauntlet | Found a large runed translucent door.
 28033 | Gauntlet | Found a large runed translucent door.
 28034 | Gauntlet | Found a large runed translucent door.
 28035 | Gauntlet | Found a runed translucent gate.
 28036 | Gauntlet | Found a transporter.
 28036 | Gauntlet | Found a runed translucent gate.
 28037 | Gauntlet | Found a runed translucent gate.
 28038 | Gauntlet | Found a large runed translucent door.
 28039 | Gauntlet | Found a large runed translucent door.
 28040 | Gauntlet | Found a large runed translucent door.
 28047 | Gauntlet | Found a large runed translucent door.
 28047 | Gauntlet | Found a large runed translucent door.
 28049 | Gauntlet | Found a large runed translucent door.
 28049 | Gauntlet | Found a large runed translucent door.
 28049 | Gauntlet | Found a runed translucent door.
 28049 | Gauntlet | Found a runed translucent door.
 28050 | Gauntlet | Found a large runed translucent door.
 28051 | Gauntlet | Found a large runed translucent door.
 28053 | Gauntlet | Found a transporter.
 28061 | Gauntlet | Found a transporter.
 28079 | Gauntlet | Found a transporter.
 28131 | Gauntlet | Found a transporter.
 28170 | Gauntlet | Found a large runed translucent door.
 28171 | Gauntlet | Found a large runed translucent door.
 28172 | Gauntlet | Found a large runed translucent door.
 28172 | Gauntlet | Found a large runed translucent door.
 28598 | Gauntlet | Identified the +1 cloak of Zedweg {Rampage SInv Stlth+}
 29845 | D:12     | Noticed Azrael
 30320 | Orc:1    | Entered Level 1 of the Orcish Mines
 30478 | D:10     | Reached skill level 14 in Long Blades
 30828 | Orc:1    | Found Rejunlor's Mass Market.
 30973 | Orc:2    | Entered Level 2 of the Orcish Mines
 31184 | Orc:2    | Noticed an orc warlord
 31845 | Orc:2    | Killed an orc warlord
 33109 | Orc:2    | Reached skill level 10 in Fighting
 34741 | Orc:2    | Noticed Rupert
 35033 | Orc:2    | Paralysed by Rupert for 3 turns
 35040 | Orc:2    | Paralysed by Rupert for 4 turns
 35041 | Orc:2    | Was placed under penance by Zin
 35041 | Orc:2    | Killed Rupert
 35042 | Orc:2    | Reached XP level 15. HP: 129/129 MP: 27/27
 36067 | Orc:2    | Found a staircase to the Elven Halls.
 36156 | Orc:2    | Found Fuor's Weapon Shoppe.
 36156 | Orc:2    | Found Pugev's Antique Weapon Shoppe.
 36157 | Orc:2    | Found Zumeqah's Book Emporium.
 36161 | Orc:2    | Found Edoutt's Antique Weapon Emporium.
 36170 | Orc:2    | Bought a glowing great sword for 256 gold pieces
 36466 | Orc:2    | Donated 871 gold pieces to Zin
 36820 | D:12     | Killed Azrael
 37906 | D:13     | Zin protects you from harm!
 37908 | D:13     | Zin protects you from harm!
 38013 | D:13     | Found a gate to the Vaults.
 38941 | D:14     | Identified the amulet of the Sparrow {Faith rC+}
 39140 | D:14     | Identified the +1 chain mail of Context {Drain Regen+ rCorr
                  | Int+3}
 39944 | D:14     | Was forgiven by Zin
 40058 | D:14     | Reached skill level 15 in Fighting
 41216 | D:14     | Found a blossoming altar of Fedhas.
 41310 | D:15     | Entered Level 15 of the Dungeon
 41646 | D:15     | HP: 4/141 [very large slime creature (54)]
 42833 | D:15     | Upgraded the game from 0.30-a0-652-gcc886f7154 to
                  | 0.30-a0-672-gc3a7216ad8
 42833 | D:15     | Upgraded the game from 0.30-a0-672-gc3a7216ad8 to
                  | 0.30-a0-711-gf4ac18a38d
 42838 | D:15     | Learned a level 4 spell: Passage of Golubria
 43010 | D:15     | Found a staircase to the Depths.
 43169 | Elf:1    | Entered Level 1 of the Elven Halls
 43174 | Elf:1    | Reached XP level 16. HP: 100/149 MP: 11/28
 43298 | Elf:1    | Reached skill level 15 in Long Blades
 43927 | Elf:1    | Identified the +3 flail of Plog {flame, +Blink rF+ Will+
                  | Stlth+}
 44296 | Elf:1    | Got Ysutrer's Precepts of Illusion
 44413 | Elf:1    | Noticed an Ice Fiend
 44697 | Elf:1    | Reached skill level 16 in Long Blades
 44794 | Elf:1    | Noticed a Tzitzimitl
 45064 | Elf:1    | Paralysed by an air elemental for 1 turns
 45620 | Elf:1    | You fall into a shaft and drop 1 floor!
 45642 | Elf:2    | Killed from afar by a deep elf knight

Illustrated notes

Levels and vault maps discovered:
D:1:      beargit_arrival_diablo_church, layout_loops_ring, minivault_5,
          kennysheep_another_room, roderic_serpentine_path
D:2:      layout_basic, serial_curves, eino_curves_03, eino_curves_01,
          eino_curves_04, eino_curves_01, uniq_robin
D:3:      layout_loops_ring, old_standard_altar,
          dreamdust_ecumenical_altar_hidden_monk_grotto, hangedman_decor_growths
D:4:      layout_basic, uniq_blork_the_orc, uniq_ijyb, uniq_eustachio
D:5:      layout_gridville, minmay_temple_entry_hall, serial_shops, shop,
          minmay_bent, uniq_duvessa, uniq_prince_ribbit1, uniq_menkaure
D:6:      layout_loops_ring
D:7:      layout_layer_cave, tgw_xom, gammafunk_ghost_split, st_stairs_9
D:8:      layout_basic
D:9:      layout_loops_cross, nicolae_overflow_squiral, dpeg_lair_monsters,
          feat_on_display
D:10:     layout_long_grid, hiddenorc2_lemuel, uniq_erica
D:11:     layout_gridville, portal_ice_cave_entry_pillars_2,
          chequers_serial_rivers_small_b, minmay_statue_crystal_thing,
          uniq_snorg, uniq_sonja, uniq_josephine, uniq_erolcha
D:12:     layout_long_grid, uniq_azrael
D:13:     layout_basic, david_vaults_4, gauntlet_entry_generic
D:14:     minmay_connected_boxes_in_corner, layout_basic,
          fedhas_altar_fruit_tree
D:15:     grunt_enter_depths_hoard, layout_long_grid, minivault_11
Temple:   dpeg_three_leaves_temple
Lair:1:   layout_long_grid, hangedman_tree_tricks
Lair:2:   layout_gridlike, minmay_shoals_entry_hut, nzn_sisyphean_effort
Lair:3:   layout_hall_layers, spider_nest_entry_web_field, uniq_kirke,
          uniq_nergalle
Lair:4:   layout_regular_city, worms_lemuel
Lair:5:   hangedman_lair_tendril_chambers, layout_misc_corridors,
          guppyfry_lair_end_dragon, slime_entry_1, serial_bayou_lake_a
Orc:1:    layout_caves, minmay_shop_mass, kennysheep_orc_chapel
Orc:2:    st_orc_mages, layout_diamond_mine, nicolae_orc_pool_cavern,
          nicolae_orc_damp_corner, dreamdust_deal_with_the_devil, uniq_rupert
Elf:1:    layout_loops_corners, portal_desolation_entry_nicolae_nacl,
          minmay_elf_demonology
Elf:2:    nicolae_elf_blades_splatter_lattice
          [nicolae_blade_entry_hurt_lockers], layout_loops_cross

Skill      XL: |  1  2  3  4  5  6  7  8  9 10 11 12 13 14 15 16 |
---------------+-------------------------------------------------+-----
Evocations     | 1 3 4 5 6 7 8 |  8.0
Fighting       | 3 7 8 11 15 | 15.6
Long Blades    | 3 4 6 8 11 14 16 | 16.7
Spellcasting   | 3 4 5 7 8 |  8.0
Translocations | 4 5 6 7 |  7.0
Invocations    | 8 10 | 10.1
Stealth        | 4 7 10 | 10.0
Dodging        | 4 7 9 10 | 10.0
Throwing       | |  0.8

Action                     |  1- 3 |  4- 6 |  7- 9 | 10-12 | 13-15 | 16-18 || total
---------------------------+-------+-------+-------+-------+-------+-------++-------
  Melee: Falchion          |   141 |   169 |   471 |   169 |       |       ||   950
         Tailslap          |    12 |    15 |    31 |    48 |   146 |    18 ||   270
         Punch             |     1 |       |     3 |     5 |     5 |       ||    14
         Scimitar          |       |       |       |   577 |  1819 |       ||  2396
         Great sword       |       |       |       |       |   109 |   276 ||   385
  Throw: Boomerang         |       |     5 |     1 |       |       |       ||     6
   Cast: Vhi's Electric Ch |       |       |     1 |     2 |       |       ||     3
         Manifold Assault  |       |       |    82 |   210 |   797 |    83 ||  1172
         Lesser Beckoning  |       |       |       |       |       |     8 ||     8
 Invoke: Vitalisation      |       |       |       |     1 |     2 |       ||     3
         Recite            |       |       |       |       |    25 |     2 ||    27
         Sanctuary         |       |       |       |       |     2 |     1 ||     3
         Donate Gold       |       |       |       |       |     1 |       ||     1
Ability: Evoke Invisibilit |       |       |       |       |     1 |       ||     1
  Evoke: Wand              |       |     7 |     9 |    40 |    58 |       ||   114
         Lightning rod     |       |       |       |       |    11 |       ||    11
         Phantom mirror    |       |       |       |       |     2 |       ||     2
    Use: Scroll            |     3 |     6 |    10 |     5 |    17 |     8 ||    49
         Potion            |       |       |     2 |     2 |     3 |     1 ||     8
   Stab: Sleeping          |     4 |     1 |       |     2 |     3 |     1 ||    11
         Distracted        |       |       |       |       |     2 |       ||     2
         Invisible         |       |       |       |       |     3 |       ||     3
         Confused          |       |       |       |       |     2 |     1 ||     3
         Paralysed         |       |       |       |       |     1 |       ||     1
 Armour: Skin              |    40 |    61 |   239 |   286 |   431 |   101 ||  1158
  Dodge: Dodged            |    98 |   103 |   226 |   361 |   616 |    85 ||  1489

Table legend: (Time is in decaauts)
 A = Elapsed time spent in this place.
 B = Non-inter-level travel time spent in this place.
 C = Inter-level travel time spent in this place.
 D = Time resting spent in this place.
 E = Time spent auto-exploring this place.
 F = Levels seen in this place.
 G = Mean time per level.
                   A        B        C        D        E       F      G
               +--------+--------+--------+--------+--------+-----+--------+
         Total |  45574 |  43564 |   2010 |  21477 |  13611 |  27 | 1687.9 |
       Dungeon |  22700 |  21257 |   1443 |   7770 |   9365 |  15 | 1513.3 |
        Temple |     79 |     65 |     14 |      0 |     58 |   1 |   79.0 |
          Lair |  11534 |  11277 |    257 |   6812 |   2880 |   5 | 2306.8 |
  Orcish Mines |   6875 |   6588 |    287 |   4508 |    845 |   2 | 3437.5 |
   Elven Halls |   1544 |   1536 |      8 |    653 |    258 |   2 |  772.0 |
      Ice Cave |   1988 |   1988 |      0 |   1467 |      0 |   1 | 1988.0 |
      Gauntlet |    851 |    851 |      0 |    265 |    205 |   1 |  851.0 |
               +--------+--------+--------+--------+--------+-----+--------+

Top non-repeatable levels by time:
  Lair:5: 4876 daAuts
   Orc:2: 4646 daAuts
    D:14: 2422 daAuts
   Orc:1: 2228 daAuts
    D:13: 2219 daAuts
     D:7: 2060 daAuts
  Lair:2: 2054 daAuts
   IceCv: 1988 daAuts
    D:12: 1941 daAuts
    D:15: 1639 daAuts
     D:6: 1632 daAuts
     D:9: 1623 daAuts
  Lair:4: 1597 daAuts
   Elf:1: 1523 daAuts
    D:10: 1513 daAuts
